 Dungeon Crawl Stone Soup version 0.22.1-5-g62c59d9 (webtiles) character file.

875 Tr0llz0r the Chopper (level 7, -1/78 HPs)
             Began as a Demonspawn Gladiator on Jan 7, 2019.
             Was an Initiate of Okawaru.
             Slain by a two-headed ogre
             ... wielding a +0 giant club
              (13 damage)
             ... on level 6 of the Dungeon.
             The game lasted 00:15:39 (4423 turns).

Tr0llz0r the Chopper (Demonspawn Gladiator)         Turns: 4423, Time: 00:15:41

Health: -1/78      AC: 23    Str: 17    XL:     7   Next: 74%
Magic:  7/7        EV:  2    Int:  9    God:    Okawaru [......]
Gold:   315        SH:  5    Dex: 20    Spells: 6/6 levels left

rFire    . . .     SeeInvis .   a - +1 war axe
rCold    . . .     Gourm    .   s - +0 buckler
rNeg     + + +     Faith    .   (armour currently unavailable)
rPois    +         Spirit   .   (helmet currently unavailable)
rElec    .         Reflect  .   (cloak currently unavailable)
rCorr    .         Harm     .   (gloves currently unavailable)
MR       .....     NoTele   +   (boots currently unavailable)
Stlth    +++.......             (no amulet)
HPRegen  0.23/turn              o - ring of flight
MPRegen  0.10/turn              r - +2 ring of dexterity

@: tree-form, hasted, very quick
A: thin skeletal structure 2, demonic guardian 1
a: Renounce Religion


You were on level 6 of the Dungeon.
You worshipped Okawaru.
Okawaru was noncommittal.
You were not hungry.
You were a tree.
You visited 1 branch of the dungeon, and saw 6 of its levels.

You collected 315 gold pieces.

Inventory:

Hand Weapons
 a - a +1 war axe (weapon)
 m - a cursed -1 dagger
 p - a +3 quarterstaff of chaos
 t - a +4 rapier of speed
 v - a +0 blowgun
Missiles
 d - 5 throwing nets (quivered)
 e - 3 tomahawks
 g - 240 stones
 j - 53 arrows
 k - 31 poisoned needles
 C - 28 bolts
Armour
 b - a +0 leather armour (melded)
 c - a +0 helmet (melded)
 h - a +0 cloak (melded)
 s - a +0 buckler (worn)
Jewellery
 o - a ring of flight (left branch)
 r - a +2 ring of dexterity (right branch)
 B - an uncursed amulet of guardian spirit {unknown}
 D - an uncursed ring of positive energy {unknown}
Scrolls
 i - 5 scrolls of identify
 l - 2 scrolls of enchant weapon
 n - 4 scrolls of remove curse
 q - a scroll of magic mapping
 u - a scroll of fog
 y - a scroll of teleportation
Potions
 w - a potion of might
Comestibles
 f - 8 rations


   Skills:
 + Level 3.5 Fighting
 + Level 6.2 Axes
 + Level 2.0 Throwing
 + Level 3.0 Armour
 + Level 3.8 Dodging
 + Level 1.5 Stealth
 + Level 1.3 Shields


You had 6 spell levels left.
You didn't know any spells.
Your spell library contained the following spells:

 Spells                   Type           Power        Failure   Level  Hunger
 Magic Dart               Conj           #...         50%         1    ##.....
 Blink                    Tloc           N/A          65%         2    ###....
 Call Imp                 Summ           #.......     65%         2    ###....
 Slow                     Hex            #.......     65%         2    ###....
 Conjure Flame            Conj/Fire      #.......     86%         3    ####...
 Mephitic Cloud           Conj/Pois/Air  #.......     86%         3    ####...


Dungeon Overview and Level Annotations

Branches:
Dungeon (5/15)
 Temple: D:4-7

Altars:
Fedhas
Hepliaklqana
Kikubaaqudgha
Okawaru
Sif Muna
Yredelemnul
Zin


Innate Abilities, Weirdness & Mutations

((You have sharp toenails.))
You have a moderately thin skeletal structure. (Dex +4, Stealth+)
A weak demonic guardian rushes to your aid.


Message History

The adder bites you.
You are more poisoned.
The adder poisons you!
You turn into a tree.
Your +0 cloak melds into your body.
Your +0 helmet melds into your body.
Your +0 leather armour melds into your body.
Your roots penetrate the ground.
The adder bites you but does no damage.
The two-headed ogre hits you with a giant club!!
* * * LOW HITPOINT WARNING * * *
You block the two-headed ogre's attack.
You feel better. The adder bites you.
* * * LOW HITPOINT WARNING * * *
You barely miss the two-headed ogre.
The two-headed ogre is moderately wounded.
You miss the adder.
Your white imp hits the two-headed ogre but does no damage.
The adder bites you but does no damage.
The two-headed ogre hits you but does no damage.
The two-headed ogre hits you with a giant club!
You die...

### .. ###.###
# ##.....##
#.#.......#
##.#.O5....#.
#...S♣†_.....
.....#.?.....#.
### #.......#
##.....##
###.### ...
.##. ## .. #


You could see a two-headed ogre, an adder and a friendly white imp.

Vanquished Creatures
  Menkaure (D:3)
  An orc warrior (D:3)
  A phantom (D:4)
  An ogre (D:4)
  A bullfrog (D:3)
  A howler monkey (D:4)
  2 crimson imps
  A bullfrog zombie (D:5)
  Crazy Yiuf (D:3)
  An orc priest (D:3)
  A centaur skeleton (D:3)
  2 worker ants
  4 adders
  4 gnolls
  2 adder skeletons (D:4)
  2 worms
  3 dart slugs
  2 leopard geckos
  5 orcs
  2 ball pythons (D:1)
  3 bats
  6 giant cockroaches
  4 goblins
  10 hobgoblins
  5 jackals
  A quokka (D:5)
  7 frilled lizards
  A giant cockroach zombie (D:3)
  A jackal skeleton (D:4)
  4 kobolds
  2 leopard gecko skeletons
  A quokka zombie (D:3)
  10 rats
  A bush (D:3)
  2 fungi (D:3)
  A plant (D:1)
97 creatures vanquished.

Vanquished Creatures (collateral kills)
  An adder (D:6)
1 creature vanquished.

Grand Total: 98 creatures vanquished

Notes
Turn   | Place    | Note
-------+----------+-------------------------------------------
     0 | D:1      | Tr0llz0r the Demonspawn Gladiator began the quest for the
                  | Orb.
     0 | D:1      | Reached XP level 1. HP: 16/16 MP: 1/1
   188 | D:1      | Reached skill level 3 in Axes
   189 | D:1      | Gained mutation: You have a somewhat thin skeletal
                  | structure. (Dex +2, Stealth) [demonic ancestry]
   189 | D:1      | Reached XP level 2. HP: 15/22 MP: 2/2
   972 | D:2      | Reached XP level 3. HP: 27/27 MP: 3/3
  1788 | D:3      | Found a transporter.
  1792 | D:3      | Found a transporter.
  1906 | D:3      | Reached skill level 4 in Axes
  1906 | D:3      | Gained mutation: You have sharp toenails. [demonic
                  | ancestry]
  1906 | D:3      | Reached XP level 4. HP: 16/33 MP: 4/4
  1918 | D:3      | Noticed an orc warrior
  1937 | D:3      | Reached skill level 1 in Armour
  1939 | D:3      | Killed an orc warrior
  1939 | D:3      | Gained mutation: You have a moderately thin skeletal
                  | structure. (Dex +4, Stealth+) [demonic ancestry]
  1939 | D:3      | Reached XP level 5. HP: 39/39 MP: 5/5
  2088 | D:3      | Found a blossoming altar of Fedhas.
  2163 | D:3      | Reached XP level 6. HP: 41/46 MP: 6/6
  2169 | D:3      | Found an ancient bone altar of Kikubaaqudgha.
  2223 | D:3      | Found a runed door.
  2227 | D:3      | Noticed Crazy Yiuf
  2232 | D:3      | Killed Crazy Yiuf
  2278 | D:3      | Noticed Menkaure
  2285 | D:3      | Found a basalt altar of Yredelemnul.
  2326 | D:3      | Killed Menkaure
  2326 | D:3      | Reached skill level 5 in Axes
  2330 | D:3      | Reached skill level 1 in Shields
  2532 | D:3      | Found an iron altar of Okawaru.
  2562 | D:3      | Became a worshipper of Warmaster Okawaru
  2877 | D:4      | Gained mutation: A weak demonic guardian rushes to your
                  | aid. [demonic ancestry]
  2877 | D:4      | Reached XP level 7. HP: 10/52 MP: 7/7
  3140 | D:4      | Reached skill level 1 in Stealth
  3675 | D:4      | Reached skill level 6 in Axes
  3823 | D:4      | Found a glowing silver altar of Zin.
  3920 | D:5      | Entered Level 5 of the Dungeon
  3933 | D:5      | Found a hazy altar of Hepliaklqana.
  3951 | D:5      | Found a hazy altar of Hepliaklqana.
  4412 | D:5      | You fall through a shaft!
  4412 | D:6      | Found a deep blue altar of Sif Muna.
  4412 | D:6      | Noticed a two-headed ogre
  4423 | D:6      | Slain by a two-headed ogre

Skill      XL: |  1  2  3  4  5  6  7 |
---------------+----------------------+-----
Axes           | 3 4 5 6 |  6.2
Dodging        | 3 |  3.8
Armour         | 1 2 3 |  3.0
Throwing       | 2 |  2.0
Shields        | 1 |  1.3
Fighting       | 3 |  3.5
Stealth        | 1 |  1.5

Action                   |  1- 3 |  4- 6 |  7- 9 || total
-------------------------+-------+-------+-------++-------
Melee: War axe           |   154 |    89 |    76 ||   319
       Kick              |       |    42 |    22 ||    64
Throw: Throwing net      |       |     2 |       ||     2
  Use: Scroll            |     4 |     4 |     4 ||    12
       Potion            |       |     5 |     3 ||     8
 Stab: Sleeping          |     1 |     1 |     2 ||     4
       Distracted        |       |     1 |     1 ||     2
  Eat: Ration            |     1 |     1 |     1 ||     3
       Chunk             |       |       |     1 ||     1
Armor: Leather armour    |    41 |    19 |    14 ||    74
       Skin              |       |    10 |     3 ||    13
Dodge: Dodged            |   110 |    52 |    67 ||   229
Block: Buckler           |     7 |    13 |    21 ||    41
